 Dungeon Crawl Stone Soup version 0.24.1 (webtiles) character file.

Game seed: 14999947090463039786, levelgen mode: deterministic

634 goyohan the Covered (level 7, -15/53 HPs)
             Began as a Formicid Hunter on Apr 2, 2020.
             Was an Initiate of Fedhas.
             Blown up by Pikel (30 damage)
             ... with a disintegration bolt
             ... on level 6 of the Dungeon.
             The game lasted 00:13:23 (5825 turns).

goyohan the Covered (Formicid Hunter)               Turns: 5825, Time: 00:13:25

Health: -15/53     AC: 12    Str: 19    XL:     7   Next: 78%
Magic:  7/7        EV:  8    Int: 10    God:    Fedhas [......]
Gold:   267        SH:  0    Dex: 11    Spells: 6/6 levels left

rFire    x . .     SeeInvis +   b - +1 war axe
rCold    + . .     Gourm    +   (no shield)
rNeg     . . .     Faith    .   u - +0 chain mail
rPois    .         Spirit   .   (helmet unavailable)
rElec    .         Reflect  .   (no cloak)
rCorr    .         Harm     .   q - +1 pair of gloves
MR       .....                  (no boots)
Stlth    ..........             o - amulet of the gourmand
HPRegen  0.17/turn              e - ring of ice
MPRegen  0.10/turn              (no ring)

@: no status effects
A: permanent stasis, dig shafts and tunnels, four strong arms, antennae 3
a: Dig, Shaft Self, Renounce Religion


You were on level 6 of the Dungeon.
You worshipped Fedhas.
Fedhas was noncommittal.
You were not hungry.

You visited 1 branch of the dungeon, and saw 6 of its levels.

You collected 267 gold pieces.

Inventory:

Hand Weapons
 a - a +1 hand crossbow
 b - a +1 war axe (weapon)
 h - a +0 short sword
 A - a +0 morningstar
 C - a +0 spear
Missiles
 d - 10 bolts
 n - 5 boomerangs (quivered)
 D - 5 javelins
Armour
 c - a +0 leather armour
 q - a +1 pair of gloves (worn)
 r - a +0 ring mail
 u - a +0 chain mail (worn)
Jewellery
 e - a ring of ice (left hand)
 o - an amulet of the gourmand (around neck)
Wands
 y - a wand of iceblast (7)
 B - a wand of random effects (20)
Scrolls
 k - a scroll of immolation
 l - 4 scrolls of identify
 m - a scroll of teleportation
 p - 2 scrolls of enchant armour
 x - a scroll of enchant weapon
 G - a scroll of remove curse {unknown}
Potions
 g - a potion of mutation
 j - 2 potions of brilliance
 s - 3 potions of ambrosia
 t - a potion of lignification
 v - a potion of heal wounds
 z - a potion of agility
 E - a potion of magic
 F - a potion of curing
Comestibles
 f - 16 rations


   Skills:
 + Level 3.8 Fighting
 + Level 2.2(2.3) Axes
 - Level 0.2(1.3) Maces & Flails
 + Level 5.4 Crossbows
 + Level 0.5 Throwing
 * Level 5.9 Armour
 - Level 1.7 Dodging
 - Level 1.2 Stealth


You had 6 spell levels left.
You didn't know any spells.
Your spell library was empty.

Dungeon Overview and Level Annotations

Branches:
Dungeon (6/15)             Temple (0/1) D:6

Altars:
Fedhas
Gozag
Hepliaklqana
Kikubaaqudgha
Qazlal
Trog
Xom

Shops:
D:5 *

Annotations:
D:1 exclusion: downstairs
D:6 Pikel


Innate Abilities, Weirdness & Mutations

You cannot be hasted, slowed, berserked, paralysed or teleported.
You can dig through walls and to a lower floor.
Your four strong arms can wield two-handed weapons with a shield.
You have a pair of large antennae on your head. (SInv)


Message History

The slave is almost dead.
You hear the slow rusting of a very distant drain.
You hear the slow hiss of a distant avalanche of sand.
The slave hits you but does no damage.
You closely miss the slave.
The slave is almost dead.
The slave hits you but does no damage.
You barely miss Pikel. Pikel hits you but does no damage.
You hit Pikel.
Pikel is lightly wounded.
Pikel hits you but does no damage.
You closely miss Pikel.
Pikel is lightly wounded.
Pikel zaps a wand.
You are blasted!
Ouch! That really hurt!
* * * LOW HITPOINT WARNING * * *
Pikel zaps a wand.
You are blasted!
Ouch! That really hurt!
You die...
Fedhas appreciates your contribution to the ecosystem.

*
*,*,*,,,,,,,*#.8.8.8.8.##
#.# *
*,*,**,,,,,,*##.#...#.##
#.# ***,*,***,,,*,*
##.....## #.#
,,*,,,,,,,,,,,* ##...##
#.# *,*****,,,,**** ##'##
#<#** *,*****,*#,*** #..#
#.... *,,,,,,,,#..,** #.##
####.
*******,,....p#####.######
*,
,*,+,**,,....ppK@........#
*,
+*+****,,....p##########.#
*, ,,,+,**,,#..,****** *,*
*, ,,,***,,,.,,,,,,,,* *,*
*, ,,,+,*,,,,,,*****,* *,*
*, +*+*+**,***** *,* *,*
*, ,*,*,*,<* *,* *,* *,
********* *,** *,* *, *,,*
*,* *,


You could see Pikel and 4 slaves.

Vanquished Creatures
  An ice beast (D:5)
  A scorpion (D:5)
  A crimson imp (D:5)
  3 hounds
  2 centaur skeletons
  An iguana (D:5)
  Jessica (D:3)
  A worker ant (D:4)
  A hound skeleton (D:5)
  A worker ant zombie (D:5)
  3 gnolls (D:3)
  8 adders
  An ooze (D:2)
  An adder skeleton (D:5)
  A worm (D:3)
  3 dart slugs
  3 leopard geckos
  7 orcs
  3 ball pythons
  3 bats (D:1)
  4 giant cockroaches
  6 goblins
  16 hobgoblins
  2 quokkas
  4 frilled lizards
  9 kobolds
  5 rats
92 creatures vanquished.

Notes
Turn   | Place    | Note
-------+----------+-------------------------------------------
     0 | D:1      | goyohan the Formicid Hunter began the quest for the Orb.
     0 | D:1      | Reached XP level 1. HP: 16/16 MP: 1/1
   206 | D:1      | Reached XP level 2. HP: 15/22 MP: 2/2
   774 | D:1      | Reached skill level 1 in Armour
  1138 | D:1      | Reached XP level 3. HP: 19/27 MP: 3/3
  2061 | D:2      | Reached XP level 4. HP: 34/34 MP: 4/4
  2074 | D:2      | Found a stormy altar of Qazlal.
  2419 | D:2      | Found a bloodstained altar of Trog.
  2530 | D:2      | Reached XP level 5. HP: 32/39 MP: 5/5
  3044 | D:3      | Noticed Jessica
  3048 | D:3      | Killed Jessica
  3108 | D:3      | Found an opulent altar of Gozag.
  3197 | D:3      | Reached skill level 5 in Crossbows
  3399 | D:3      | Found a hazy altar of Hepliaklqana.
  3451 | D:3      | Found a shimmering altar of Xom.
  3600 | D:3      | Reached XP level 6. HP: 32/47 MP: 6/6
  3899 | D:4      | Found an ancient bone altar of Kikubaaqudgha.
  3903 | D:4      | Noticed a phantom
  4011 | D:4      | Noticed a phantom
  4626 | D:4      | Found a blossoming altar of Fedhas.
  4635 | D:4      | Became a worshipper of Fedhas Madash
  4848 | D:5      | Entered Level 5 of the Dungeon
  4903 | D:5      | Reached skill level 5 in Armour
  4980 | D:5      | Reached XP level 7. HP: 52/52 MP: 7/7
  5026 | D:5      | Reached skill level 1 in Axes
  5033 | D:5      | Found Ogeoq's Elemental Accessories.
  5813 | D:6      | Noticed Pikel
  5825 | D:6      | Blown up by Pikel

Levels and vault maps discovered:
D:1:      psy_arrival_whirlpool, layout_loops_ring, minmay_pentomino_p4
D:2:      layout_rooms, grunt_qazlal_clouds, lightli_temple_of_fire,
          first_ration, minmay_misc_feat_tower, hangedman_decor_lopped
D:3:      layout_rooms, grunt_gozag_statues, xom_butterflies,
          lemuel_crystal_altar, uniq_jessica
D:4:      layout_loops_cross, kiku_gazebo_garden_becter, lemuel_crystal_altar,
          minmay_goblin_outpost
D:5:      layout_basic, nicolae_elemental_shop, grunt_ministairs_8
D:6:      layout_loops_ring, cheibrodos_ashenzari_chains, marbit_many_paths,
          vehumet_statue, kennysheep_little_box,
          minmay_temple_entry_gardened_gates, serial_shops,
          nicolae_shop_overgrown_old_shop, lightli_sewer_entry_pipes,
          nicolae_ossuary_entry_catacombs, dk_noncrumbling_3,
          corexii_item_surrounded_by_moat, uniq_pikel

Skill      XL: |  1  2  3  4  5  6  7 |
---------------+----------------------+-----
Armour         | 1 2 3 5 |  5.9
Crossbows      | 5 |  5.4
Fighting       | 3 |  3.8
Axes           | 2 |  2.2
Maces & Flails | |  0.2
Throwing       | |  0.5
Dodging        | |  1.7
Stealth        | |  1.2

Action                   |  1- 3 |  4- 6 |  7- 9 || total
-------------------------+-------+-------+-------++-------
Melee: Short sword       |    88 |   142 |       ||   230
       War axe           |       |    67 |    57 ||   124
       Morningstar       |       |    18 |       ||    18
 Fire: Hand crossbow     |    10 |    36 |    17 ||    63
Throw: Boomerang         |       |    10 |       ||    10
Evoke: Wand              |       |       |     2 ||     2
  Use: Scroll            |       |       |    14 ||    14
 Stab: Sleeping          |     1 |       |       ||     1
  Eat: Chunk             |     4 |    14 |     3 ||    21
Armor: Leather armour    |    35 |       |       ||    35
       Ring mail         |     5 |    16 |       ||    21
       Chain mail        |       |   158 |    39 ||   197
Dodge: Dodged            |    75 |   111 |    29 ||   215
